 Dungeon Crawl Stone Soup version 0.27-a0-512-g57cc695410 (webtiles) character file.

Game seed: 6582553799443067424

42 kae the Ruffian (level 3, 28/28 HPs)
             Began as a Demonspawn Gladiator on Mar 3, 2021.
             Quit the game on level 2 of the Dungeon.
             The game lasted 00:01:11 (1895 turns).

kae the Ruffian (Demonspawn Gladiator)              Turns: 1895, Time: 00:01:12

Health: 28/28      AC:  5    Str: 15    XL:     3   Next: 33%
Magic:  3/3        EV: 12    Int:  9    God:
Gold:   107        SH:  0    Dex: 14    Spells: 2/2 levels left

rFire    . . .     SeeInvis .     - Unarmed
rCold    . . .     Faith    .   (no shield)
rNeg     . . .     Spirit   .   a - +0 leather armour
rPois    .         Reflect  .   b - +0 helmet
rElec    .         Harm     .   (no cloak)
rCorr    .         Rampage  .   (no gloves)
Will     .....                  (no boots)
Stlth    +.........             (no amulet)
HPRegen  0.09/turn              (no ring)
MPRegen  0.08/turn              (no ring)

@: no status effects
A: hooves 1, rugged brown scales 1
a: no special abilities


You were on level 2 of the Dungeon.
You visited 1 branch of the dungeon, and saw 2 of its levels.

You collected 107 gold pieces.

Inventory:

Missiles
 c - 3 throwing nets (quivered)
Armour
 a - a +0 leather armour (worn)
 b - a +0 helmet (worn)
Jewellery
 l - a ring of magical power
Scrolls
 h - a scroll of immolation {unknown}
 j - a scroll of fear {unknown}
 m - a scroll of identify {unknown}
 n - a scroll of teleportation {unknown}
 o - a scroll of enchant armour {unknown}
 p - a scroll of amnesia {unknown}
Potions
 d - a potion of resistance {unknown}
 e - 2 potions of attraction {unknown}
 f - 3 potions of curing {unknown}
 g - a potion of magic {unknown}
 i - a potion of flight {unknown}
 k - a potion of heal wounds {unknown}


   Skills:
 + Level 2.6 Fighting
 - Level 1.7 Throwing
 - Level 2.6 Dodging
 * Level 3.6 Unarmed Combat


You had 2 spell levels left.
You didn't know any spells.
Your spell library was empty.

Dungeon Overview and Level Annotations

Branches:
Dungeon (2/15)

Altars:
Nemelex Xobeh


Innate Abilities, Weirdness & Mutations

You have large cloven feet.
You are partially covered in rugged brown scales. (AC +1, +3% HP)


Message History

You closely miss the orc. The orc misses you.
An orc is nearby!
An orc is nearby!
You barely miss the orc. You kick the orc.
The orc is almost dead.
You hit the orc.
You kill the orc!
p - a scroll labelled RAZIVEAQYK No target in view!
No target in view!
No target in view!
No target in view!
You now have 107 gold pieces (gained 5).
You see here a +0 ring mail.
You see here a dart slug corpse.
Found an escape hatch in the ceiling.
A kobold comes into view. It is wielding a +0 short sword.
The kobold shouts!
The kobold moves out of view.
A kobold is nearby!
A kobold is nearby!
You barely miss the kobold. The kobold barely misses you.
You hit the kobold but do no damage. You kick the kobold, but do no damage.
The kobold hits you but does no damage.
A kobold is nearby!
You hit the kobold. You kick the kobold, but do no damage.
The kobold is moderately wounded.
You hit the kobold. Your punch misses the kobold.
The kobold is severely wounded.
The kobold hits you but does no damage.
A kobold is nearby!
You hit the kobold.
You kill the kobold!
No target in view!
Autopickup is now off.
You see here a +0 short sword.
There is a stone staircase leading up here.
You see here a frilled lizard skeleton.
A quokka comes into view.
Are you sure you want to abandon this character and quit the game? (Confirm with "yes".)

#..########## #..#
.# #..# .# #..# r#
#..# .# ##..#### .#
.......# .#
.#..##.##########.#
.#..............@.#
.....#.############
.#.....# ###..#.#
#..#.# #>.#.#
#..#.# #..#.#
#..#.#


You could see a quokka.

Vanquished Creatures
  An ooze (D:1)
  2 dart slugs
  A leopard gecko (D:1)
  An orc (D:2)
  A ball python (D:1)
  A giant cockroach (D:1)
  3 goblins
  3 hobgoblins (D:1)
  4 bats
  5 frilled lizards
  7 kobolds
  6 rats (D:1)
35 creatures vanquished.

Notes
Turn   | Place    | Note
-------+----------+-------------------------------------------
     0 | D:1      | kae the Demonspawn Gladiator began the quest for the Orb.
     0 | D:1      | Reached XP level 1. HP: 16/16 MP: 1/1
    35 | D:1      | Reached skill level 3 in Unarmed Combat
   167 | D:1      | Gained mutation: You are partially covered in rugged brown
                  | scales. (AC +1, +3% HP) [demonic ancestry]
   167 | D:1      | Reached XP level 2. HP: 16/22 MP: 2/2
  1087 | D:1      | Gained mutation: You have large cloven feet. [demonic
                  | ancestry]
  1087 | D:1      | Reached XP level 3. HP: 27/28 MP: 3/3
  1620 | D:2      | Found a sparkling altar of Nemelex Xobeh.
  1895 | D:2      | Quit the game

Illustrated notes

Levels and vault maps discovered:
D:1:      minmay_arrival_four_loops, layout_basic
D:2:      layout_loops_ring, nicolae_overflow_hidden_temple

Skill      XL: |  1 |
---------------+----+-----
Unarmed Combat | 3 |  3.6
Fighting       | |  2.6
Throwing       | |  1.7
Dodging        | |  2.6

Action                   || total
-------------------------++-------
Melee: Unarmed           ||   144
       Kick              ||    10
       Punch             ||     1
 Stab: Sleeping          ||     1
Armor: Leather armour    ||    46
Dodge: Dodged            ||    94

Table legend: (Time is in decaauts)
 A = Elapsed time spent in this place.
 B = Non-inter-level travel time spent in this place.
 C = Inter-level travel time spent in this place.
 D = Time resting spent in this place.
 E = Time spent auto-exploring this place.
 F = Levels seen in this place.
 G = Mean time per level.
                   A        B        C        D        E       F      G
               +--------+--------+--------+--------+--------+-----+--------+
         Total |   1885 |   1826 |     59 |     40 |   1556 |   2 |  942.5 |
       Dungeon |   1885 |   1826 |     59 |     40 |   1556 |   2 |  942.5 |
               +--------+--------+--------+--------+--------+-----+--------+

Top non-repeatable levels by time:
     D:1: 1375 daAuts
     D:2: 510 daAuts
